TOP OF THE 1ST |
Reading Rainbows batting - Pitching for Kingston Iguanas : LHP Nick Clayton
|
Pitching: LHP Nick Clayton
|
|
Batting: RHB Richard Case
|
0-0: Ball 1-0: Fly out, F6 (Line Drive, 6)
|
Batting: RHB José Moreno
|
0-0: Swinging Strike 0-1: Called Strike 0-2: Foul Ball, location: 2F 0-2: Ball 1-2: Strikes out looking
|
Batting: RHB José Ortega
|
0-0: Ball 1-0: Called Strike 1-1: Ball 2-1: Ground out 3-1 (Groundball, 34S)
|
Top of the 1st over - 0 run(s), 0 hit(s), 0 error(s), 0 left on base; Reading 0 - Kingston 0 |
BOTTOM OF THE 1ST |
Kingston Iguanas batting - Pitching for Reading Rainbows : LHP Beau Montgomery
|
Pitching: LHP Beau Montgomery
|
|
Batting: LHB Billy Anderson
|
0-0: Foul Ball, location: 2F 0-1: Fly out, F7 (Flyball, 7LS)
|
Batting: RHB Francisco Martínez
|
0-0: Ball 1-0: Called Strike 1-1: Called Strike 1-2: Ball 2-2: Ball 3-2: SINGLE (Groundball, 3D)
|
Batting: LHB Dusty Wilson
|
0-0: Called Strike 0-1: Swinging Strike 0-2: Strikes out swinging
|
Batting: RHB Tommy Davenport
|
0-0: Ball 1-0: Ball 2-0: Ball 3-0: Base on Balls Francisco Martínez to second
|
Batting: RHB Sergio Mata
|
0-0: Ball 1-0: Called Strike 1-1: Ball 2-1: Foul Ball, location: 2F 2-2: Fly out, F7 (Flyball, 7)
|
Bottom of the 1st over - 0 run(s), 1 hit(s), 0 error(s), 2 left on base; Reading 0 - Kingston 0 |
TOP OF THE 2ND |
Reading Rainbows batting - Pitching for Kingston Iguanas : LHP Nick Clayton
|
Batting: RHB Ethan Moore
|
0-0: Called Strike 0-1: Ball 1-1: Fly out, F6 (Line Drive, 6)
|
Batting: LHB Shane Lynch
|
0-0: Ground out 4-3 (Groundball, 4)
|
Batting: RHB Jeff Townsley
|
0-0: Called Strike 0-1: Ground out 5-3 (Groundball, 56)
|
Top of the 2nd over - 0 run(s), 0 hit(s), 0 error(s), 0 left on base; Reading 0 - Kingston 0 |
BOTTOM OF THE 2ND |
Kingston Iguanas batting - Pitching for Reading Rainbows : LHP Beau Montgomery
|
Batting: SHB Devin Smith
|
0-0: Ball 1-0: Ball 2-0: Ball 3-0: Called Strike 3-1: Ground out 4-3 (Groundball, 4S)
|
Batting: RHB Fred McPhun
|
0-0: Foul Ball, location: 2F 0-1: Ball 1-1: Called Strike 1-2: Ground out 4-3 (Groundball, 34D)
|
Batting: RHB Ken MacDonald
|
0-0: Called Strike 0-1: Ball 1-1: Ball 2-1: SINGLE (Groundball, 56D)
|
Batting: SHB John Beach
|
0-0: Ball Ken MacDonald is caught stealing 2nd base
|
Bottom of the 2nd over - 0 run(s), 1 hit(s), 0 error(s), 0 left on base; Reading 0 - Kingston 0 |
TOP OF THE 3RD |
Reading Rainbows batting - Pitching for Kingston Iguanas : LHP Nick Clayton
|
Batting: RHB Ron King
|
0-0: Swinging Strike 0-1: Swinging Strike 0-2: Ball 1-2: Foul Ball, location: 2F 1-2: Ball 2-2: Ball 3-2: Fly out, F8 (Flyball, 8RXD)
|
Batting: RHB Germán Romero
|
0-0: Swinging Strike 0-1: Foul Ball, location: 2F 0-2: Ball 1-2: Foul Ball, location: 2F 1-2: Ball 2-2: Ball 3-2: Foul Ball, location: 2F 3-2: Foul Ball, location: 2F 3-2: Foul Ball, location: 2F 3-2: Fly out, F8 (Flyball, 8LM)
|
Batting: RHB Hubert Brown
|
0-0: Ball 1-0: Swinging Strike 1-1: Ball 2-1: Swinging Strike 2-2: Strikes out swinging
|
Top of the 3rd over - 0 run(s), 0 hit(s), 0 error(s), 0 left on base; Reading 0 - Kingston 0 |
BOTTOM OF THE 3RD |
Kingston Iguanas batting - Pitching for Reading Rainbows : LHP Beau Montgomery
|
Batting: SHB John Beach
|
0-0: Ground out 5-3 (Groundball, 56S)
|
Batting: LHB Billy Anderson
|
0-0: Foul Ball, location: 2F 0-1: Foul Ball, location: 2F 0-2: Strikes out swinging
|
Batting: RHB Francisco Martínez
|
0-0: SINGLE (Groundball, 4MD)
|
Batting: LHB Dusty Wilson
|
0-0: Ball 1-0: Ball 2-0: Ball 3-0: Base on Balls Francisco Martínez to second
|
Batting: RHB Tommy Davenport
|
0-0: Ball 1-0: Ball 2-0: Fly out, F9 (Flyball, 9)
|
Bottom of the 3rd over - 0 run(s), 1 hit(s), 0 error(s), 2 left on base; Reading 0 - Kingston 0 |
TOP OF THE 4TH |
Reading Rainbows batting - Pitching for Kingston Iguanas : LHP Nick Clayton
|
Batting: RHB Richard Case
|
0-0: Foul Ball, location: 2F 0-1: Foul Ball, location: 2F 0-2: Ball 1-2: Foul Ball, location: 2F 1-2: Strikes out swinging
|
Batting: RHB José Moreno
|
0-0: DOUBLE (Line Drive, 9LM)
|
Batting: RHB José Ortega
|
0-0: Ball 1-0: Called Strike José Moreno is caught stealing 3rd base 1-1: Fly out, F9 (Flyball, 9S)
|
Top of the 4th over - 0 run(s), 1 hit(s), 0 error(s), 0 left on base; Reading 0 - Kingston 0 |
BOTTOM OF THE 4TH |
Kingston Iguanas batting - Pitching for Reading Rainbows : LHP Beau Montgomery
|
Batting: RHB Sergio Mata
|
0-0: Swinging Strike 0-1: Ball 1-1: Ball 2-1: Ball 3-1: Fly out, F4 (Line Drive, 4)
|
Batting: SHB Devin Smith
|
0-0: Ball 1-0: Fly out, F5 (Popup, 56)
|
Batting: RHB Fred McPhun
|
0-0: Called Strike 0-1: Ball 1-1: Ground out 1-3 (Groundball, 15)
|
Bottom of the 4th over - 0 run(s), 0 hit(s), 0 error(s), 0 left on base; Reading 0 - Kingston 0 |
TOP OF THE 5TH |
Reading Rainbows batting - Pitching for Kingston Iguanas : LHP Nick Clayton
|
Batting: RHB Ethan Moore
|
0-0: Ball 1-0: Ball 2-0: Fly out, F9 (Flyball, 89S)
|
Batting: LHB Shane Lynch
|
0-0: Called Strike 0-1: Swinging Strike 0-2: Ground out 6-3 (Groundball, 6)
|
Batting: RHB Jeff Townsley
|
0-0: Fly out, F9 (Flyball, 9LM)
|
Top of the 5th over - 0 run(s), 0 hit(s), 0 error(s), 0 left on base; Reading 0 - Kingston 0 |
BOTTOM OF THE 5TH |
Kingston Iguanas batting - Pitching for Reading Rainbows : LHP Beau Montgomery
|
Batting: RHB Ken MacDonald
|
0-0: Foul Ball, location: 2F 0-1: Foul Ball, location: 2F 0-2: Ball 1-2: SOLO HOME RUN (Line Drive, 7LD), Distance : 345 ft
|
Batting: SHB John Beach
|
0-0: Ball 1-0: Called Strike 1-1: Ball 2-1: Called Strike 2-2: Foul Ball, location: 2F 2-2: Ball 3-2: Foul Ball, location: 2F 3-2: Base on Balls
|
Batting: LHB Billy Anderson
|
0-0: Ball 1-0: Called Strike 1-1: Swinging Strike 1-2: Foul Ball, location: 2F 1-2: Strikes out looking
|
Batting: RHB Francisco Martínez
|
0-0: Ball John Beach steals 2nd base 1-0: 2-RUN HOME RUN (Flyball, 7LD), Distance : 338 ft
|
Batting: LHB Dusty Wilson
|
0-0: Called Strike 0-1: Ball 1-1: TRIPLE (Flyball, 8RXD)
|
Batting: RHB Tommy Davenport
|
0-0: Called Strike 0-1: Swinging Strike 0-2: Foul Ball, location: 2F 0-2: Ball 1-2: Strikes out swinging
|
Batting: RHB Sergio Mata
|
0-0: Foul Ball, location: 2F 0-1: Ball 1-1: Ball 2-1: Ball 3-1: Ground out 4-3 (Groundball, 4M)
|
Bottom of the 5th over - 3 run(s), 3 hit(s), 0 error(s), 1 left on base; Reading 0 - Kingston 3 |
TOP OF THE 6TH |
Reading Rainbows batting - Pitching for Kingston Iguanas : LHP Nick Clayton
|
Batting: RHB Ron King
|
0-0: Ball 1-0: Ball 2-0: SINGLE (Groundball, 34D)
|
Batting: RHB Germán Romero
|
0-0: Foul Ball, location: 2F 0-1: Called Strike 0-2: Ball 1-2: Fly out, F7 (Flyball, 78M)
|
Batting: RHB Hubert Brown
|
0-0: Foul Ball, location: 2F 0-1: Foul Ball, location: 2F 0-2: Ball 1-2: SINGLE (Flyball, 9LM) Ron King to second Runner from 2nd tries for 3rd, SAFE, no throw
|
Batting: RHB Richard Case
|
0-0: Swinging Strike 0-1: Foul Ball, location: 2F 0-2: Strikes out swinging
|
Batting: RHB José Moreno
|
0-0: Foul Ball, location: 2F 0-1: DOUBLE (Line Drive, 8RD) Ron King scores Hubert Brown to third
|
Batting: RHB José Ortega
|
0-0: Ball 1-0: Ground out 4-3 (Groundball, 4)
|
Top of the 6th over - 1 run(s), 3 hit(s), 0 error(s), 2 left on base; Reading 1 - Kingston 3 |
BOTTOM OF THE 6TH |
Kingston Iguanas batting - Pitching for Reading Rainbows : LHP Beau Montgomery
|
Batting: SHB Devin Smith
|
0-0: SINGLE (Groundball, 4MD)
|
Batting: RHB Fred McPhun
|
0-0: Called Strike 0-1: Ball 1-1: Called Strike 1-2: Foul Ball, location: 2F 1-2: Ball Devin Smith steals 2nd base 2-2: Strikes out swinging
|
Pitching: LHP Robert Trent
|
|
Batting: RHB Ken MacDonald
|
0-0: Ball 1-0: SINGLE (Groundball, 34D) Devin Smith to third Runner from 3rd tries for Home, SAFE, no throw
|
Batting: SHB John Beach
|
0-0: Foul Ball, location: 2F 0-1: Ball 1-1: Ball 2-1: Foul Ball, location: 2F 2-2: Strikes out swinging
|
Batting: LHB Billy Anderson
|
0-0: Ball 1-0: Called Strike 1-1: Ball Passed Ball! Ken MacDonald to second 2-1: Ball 3-1: Foul Ball, location: 2F 3-2: Base on Balls
|
Batting: RHB Francisco Martínez
|
0-0: Called Strike 0-1: Foul Ball, location: 2F 0-2: Ball 1-2: Ball 2-2: SINGLE (Line Drive, 9S) Ken MacDonald to third Billy Anderson to second Runner from 3rd tries for Home, SAFE, no throw
|
Batting: LHB Dusty Wilson
|
0-0: Called Strike 0-1: Ball 1-1: Foul Ball, location: 2F 1-2: Ball 2-2: Foul Ball, location: 2F 2-2: Foul Ball, location: 2F 2-2: Ball 3-2: Base on Balls Billy Anderson to third Francisco Martínez to second
|
Batting: RHB Tommy Davenport
|
0-0: Ball 1-0: Ball 2-0: Foul Ball, location: 2F 2-1: Called Strike 2-2: Ball 3-2: Base on Balls Billy Anderson scores Francisco Martínez to third Dusty Wilson to second
|
Batting: RHB Sergio Mata
|
0-0: Ball 1-0: Fly out, F8 (Flyball, 8RS)
|
Bottom of the 6th over - 3 run(s), 3 hit(s), 0 error(s), 3 left on base; Reading 1 - Kingston 6 |
TOP OF THE 7TH |
Reading Rainbows batting - Pitching for Kingston Iguanas : LHP Nick Clayton
|
Batting: RHB Ethan Moore
|
0-0: Called Strike 0-1: Ball 1-1: Ball 2-1: Foul Ball, location: 2F 2-2: Ball 3-2: Foul Ball, location: 2F 3-2: Fly out, F3 (Popup, 3L)
|
Batting: LHB Shane Lynch
|
0-0: Foul Ball, location: 2F 0-1: Ball 1-1: SINGLE (Flyball, 78S)
|
Batting: RHB Jeff Townsley
|
0-0: Called Strike 0-1: Ground out 5-3 (Groundball, 56S) Shane Lynch to second
|
Batting: RHB Ron King
|
0-0: Foul Ball, location: 2F 0-1: Ball 1-1: TRIPLE (Flyball, 9LM) Shane Lynch scores
|
Batting: RHB Germán Romero
|
0-0: Ball 1-0: Ball 2-0: Ball 3-0: Called Strike 3-1: Base on Balls
|
Batting: RHB Hubert Brown
|
0-0: Fielders Choice at 2nd, 5-4 (Groundball, 56)
|
Top of the 7th over - 1 run(s), 2 hit(s), 0 error(s), 1 left on base; Reading 2 - Kingston 6 |
BOTTOM OF THE 7TH |
Kingston Iguanas batting - Pitching for Reading Rainbows : LHP Robert Trent
|
Batting: SHB Devin Smith
|
0-0: Fly out, F5 (Popup, 5D)
|
Batting: RHB Fred McPhun
|
0-0: Ball 1-0: Ball 2-0: Ball 3-0: Base on Balls
|
Batting: RHB Ken MacDonald
|
0-0: Ball 1-0: Ball 2-0: Called Strike 2-1: Called Strike 2-2: Ball 3-2: Base on Balls Fred McPhun to second
|
Batting: SHB John Beach
|
0-0: Fielders Choice at 2nd, 1-6 (Groundball, 13) Fred McPhun to third
|
Batting: LHB Billy Anderson
|
0-0: Ball 1-0: Ball 2-0: Ball 3-0: Base on Balls John Beach to second
|
Pitching: RHP Luis Silva
|
|
Batting: RHB Francisco Martínez
|
0-0: Ball 1-0: Ball Passed Ball! Fred McPhun scores John Beach to third Billy Anderson to second 2-0: Called Strike 2-1: Ground out 6-3 (Groundball, 6)
|
Bottom of the 7th over - 1 run(s), 0 hit(s), 0 error(s), 2 left on base; Reading 2 - Kingston 7 |
TOP OF THE 8TH |
Reading Rainbows batting - Pitching for Kingston Iguanas : LHP Nick Clayton
|
Now at 2B: Manuel Gómez
|
|
Batting: RHB Richard Case
|
0-0: Ball 1-0: Called Strike 1-1: Called Strike 1-2: Ball 2-2: Ball 3-2: Base on Balls
|
Pitching: RHP Kel Meyer
|
|
Batting: RHB José Moreno
|
0-0: Foul Ball, location: 2F 0-1: Foul Ball, location: 2F 0-2: Ball 1-2: Grounds into double play, 5-4-3 (Groundball, 56)
|
Batting: RHB José Ortega
|
0-0: Called Strike 0-1: Ball 1-1: Ball 2-1: Ball 3-1: Base on Balls
|
Batting: RHB Ethan Moore
|
0-0: Fielders Choice at 2nd, 6-4 (Groundball, 56)
|
Top of the 8th over - 0 run(s), 0 hit(s), 0 error(s), 0 left on base; Reading 2 - Kingston 7 |
BOTTOM OF THE 8TH |
Kingston Iguanas batting - Pitching for Reading Rainbows : RHP Luis Silva
|
Batting: LHB Dusty Wilson
|
0-0: Ball 1-0: Ball 2-0: Called Strike 2-1: Foul Ball, location: 2F 2-2: Foul Ball, location: 2F 2-2: Ground out 1-3 (Groundball, P)
|
Batting: RHB Tommy Davenport
|
0-0: Ball 1-0: Ball 2-0: Foul Ball, location: 2F 2-1: Swinging Strike 2-2: Fly out, F9 (Flyball, 9LS)
|
Batting: RHB Sergio Mata
|
0-0: Called Strike 0-1: Ball 1-1: Foul Ball, location: 2F 1-2: Ground out 1-3 (Groundball, 15)
|
Bottom of the 8th over - 0 run(s), 0 hit(s), 0 error(s), 0 left on base; Reading 2 - Kingston 7 |
TOP OF THE 9TH |
Reading Rainbows batting - Pitching for Kingston Iguanas : RHP Kel Meyer
|
Batting: LHB Shane Lynch
|
0-0: Ball 1-0: Ball 2-0: Ball 3-0: Base on Balls
|
Batting: RHB Jeff Townsley
|
0-0: Called Strike 0-1: Called Strike 0-2: Foul Ball, location: 2F 0-2: Foul Ball, location: 2F 0-2: Fly out, F8 (Line Drive, 8RD)
|
Batting: RHB Ron King
|
0-0: Ball 1-0: Ball 2-0: Called Strike 2-1: Foul Ball, location: 2F 2-2: Strikes out swinging
|
Batting: RHB Germán Romero
|
0-0: Foul Ball, location: 2F 0-1: Swinging Strike 0-2: SINGLE (Flyball, 7S) Shane Lynch to second
|
Batting: RHB Hubert Brown
|
0-0: Called Strike 0-1: Fielders Choice at 2nd, 5-4 (Groundball, 56)
|
Top of the 9th over - 0 run(s), 1 hit(s), 0 error(s), 1 left on base; Reading 2 - Kingston 7 |
|